 Dungeon Crawl Stone Soup version 0.20-a0-1065-g8446734 (webtiles) character file.

104 Goblin1989 the Covert (level 4, -4/22 HPs)
             Began as a Spriggan Assassin on Apr 28, 2017.
             Slain by a gnoll
             ... wielding a +0 club
              (5 damage)
             ... on level 10 of the Dungeon.
             The game lasted 00:10:07 (1924 turns).

Goblin1989 the Covert (Spriggan Assassin)           Turns: 1924, Time: 00:10:08

Health: -4/22      AC:  3    Str:  7      XL:     4   Next: 52%
Magic:  5/5        EV: 17    Int: 12      God:
Gold:   77         SH:  0    Dex: 17 (18) Spells: 3/3 levels left

rFire    . . .     SeeInvis +   a - +2 dagger
rCold    . . .     Gourm    .   (shield restricted)
rNeg     . . .     Faith    .   c - +0 robe
rPois    .         Spirit   .   (helmet restricted)
rElec    .         Reflect  .   d - +0 cloak
rCorr    .         Harm     .   (gloves unavailable)
MR       .....                  (boots unavailable)
Stlth    +.........             (no amulet)
Regen    0.1/turn               (no ring)
MPRegen  0.1/turn               (no ring)

@: confused, sleeping, glowing, very quick
A: unfitting armour, see invisible, herbivore 3, speed 3, slow metabolism 2
a: no special abilities


You were on level 10 of the Dungeon.
You were not hungry.

You visited 1 branch of the dungeon, and saw 10 of its levels.

You collected 77 gold pieces.

Inventory:

Hand Weapons
 a - a +2 dagger (weapon)
 h - a +0 whip
 m - a +0 short sword
 n - a +0 club
 o - a +0 short sword
 q - a +0 club
 w - a +0 blowgun {@w1}
 z - a +1 demon whip of electrocution
Missiles
 f - 2 curare-tipped needles
 g - 25 poisoned needles
 k - 55 stones (quivered)
 r - 24 arrows
 B - 24 sling bullets
Armour
 c - a +0 robe (worn)
 d - a +0 cloak (worn)
 u - a +0 chain mail
 x - a +0 plate armour
 E - a +0 scale mail
Wands
 D - a wand of random effects (42/48)
Scrolls
 b - 2 scrolls of magic mapping {unknown}
 i - 4 scrolls of identify {unknown}
 j - 2 scrolls of teleportation {unknown}
 s - a scroll of immolation {unknown}
 y - 3 scrolls of vulnerability {unknown}
 A - a scroll of fog {unknown}
 C - a scroll of fear {unknown}
Potions
 p - a potion of berserk rage {unknown}
 t - a potion of heal wounds
 v - a potion of curing {unknown}
Comestibles
 e - 3 bread rations {@e1}
 l - 2 royal jellies


   Skills:
 - Level 1.5 Fighting
 - Level 2.1 Short Blades
 - Level 2.0 Throwing
 - Level 1.5 Dodging
 + Level 9.1 Stealth


You had 3 spell levels left.
You didn't know any spells.

Dungeon Overview and Level Annotations

Branches:
Dungeon (10/15)
 Temple: D:4-7         Lair: D:8-11         Orc: D:9-12

Altars:
Gozag

Shops:
D:5 ?

Annotations:
D:6 exclusion: Sigmund, Sigmund
D:8 exclusion: jelly
D:9 exclusion: Erolcha, Erolcha
D:10 derval's ghost, novice SpEn


Innate Abilities, Weirdness & Mutations

You are very small and have problems with some larger weapons.
You are too small for most types of armour.
You have supernaturally acute eyesight. (SInv)
You are a herbivore.
You cover ground extremely quickly.
You need consume almost no food.


Message History

The quasit barely misses you.
You hit the quasit but do no damage.
The quasit is moderately wounded.
The quasit bites you.
The quasit claws you but does no damage.
The quasit claws you.
You feel clumsy.
You take 3 damage, and have 14/22 hp.
The quasit closely misses you.
The quasit claws you but does no damage.
The quasit barely misses you.
You see here a scroll labeled TETESH ZAOW.
C - a scroll labeled TETESH ZAOW You see here a wand of random effects (?/48).
D - a wand of random effects (?/48)
The quasit bites you. The quasit claws you.
You feel clumsy. The quasit closely misses you.
You take 4 damage, and have 10/22 hp.
A crimson imp comes into view.
You found a teleport trap!
The helpless crimson imp fails to defend itself.
You skewer the crimson imp like a kebab!!!
You kill the crimson imp!
You feel your dexterity returning.
Your Stealth skill increases to level 9!
Really walk into that teleport trap? [Y]es or [N]o only, please.
Really walk into that teleport trap?
You enter a teleport trap!
The teleport trap disappears.
Your surroundings suddenly seem different.
A black bear comes into view.
Found a stone staircase leading up.
r - 24 arrows (gained 16)
An orc comes into view. It is wielding a hand axe.
You see here a scroll labeled RAGISO YJUCESK.
An orc comes into view. It is wielding a club.
You see here a scroll labeled RAGISO YJUCESK.
i - 4 scrolls labeled RAGISO YJUCESK (gained 1) Derval's ghost (novice Spriggan Enchanter) comes into view.
Derval's ghost turns its malevolent gaze towards you.
Derval's ghost casts a spell at you.
You are outlined in light.
The orc shouts!
You see here 13 stones.
k - 55 stones (gained 13)
There are no items here.
An orc comes into view. It is wielding a flail.
You see here a scale mail.
E - a scale mail An orc wizard comes into view.
It is wielding a dagger.
Derval's ghost barely misses you.
An orc priest comes into view. It is wielding a club.
Derval's ghost casts a spell at you.
You are confused.
You bump into the rock wall.
You're too confused to move!
Derval's ghost hits you but does no damage.
You feel less confused.
Press: ? - help, v - describe, . - travel
Here: derval's ghost The floor.
A gnoll comes into view. It is wielding a club.
Derval's ghost points at you and mumbles some strange words.
You are confused.
You bump into the rock wall.
You bump into the rock wall.
Derval's ghost points at you and mumbles some strange words.
You are more confused.
Unknown command.
A gnoll comes into view. It is wielding a flail.
Unknown command.
A gnoll comes into view. It is wielding a spear.
The gnoll shouts!
The gnoll hits you with a club.
You take 3 damage, and have 11/22 hp.
Derval's ghost barely misses you.
Unknown command.
The gnoll hits you with a club.
* * * LOW HITPOINT WARNING * * *
You take 2 damage, and have 9/22 hp.
You hit the gnoll.
The gnoll is lightly wounded.
Derval's ghost hits you.
* * * LOW HITPOINT WARNING * * *
The gnoll hits you with a club.
* * * LOW HITPOINT WARNING * * *
You take 7 damage, and have 2/22 hp.
MASSIVE DAMAGE!!
You closely miss derval's ghost. The gnoll completely misses you.
Derval's ghost hits you.
* * * LOW HITPOINT WARNING * * *
You take 1 damage, and have 1/22 hp.
Unknown command.
You closely miss derval's ghost. The gnoll barely misses you.
Derval's ghost gestures at you while chanting.
You fall asleep.
The gnoll barely misses you. The gnoll hits you with a club.
You die... ███████

.........███......
█........█........
█..≈≈....█......≈≈
█..≈≈≈≈..█......≈≈
....≈≈...█........
█g.......█........
█gg......█........
█@█ █.███W█.W
█W████████.█<█.█..
█......o...█.█.███
██████████...o.█
█.█.███ █.█...███
█........
████..... █.....


You could see derval's ghost and 3 gnolls.

Vanquished Creatures
  A crimson imp (D:10)
  A bullfrog skeleton (D:9)
  A worker ant (D:8)
  2 leopard geckos
  2 orcs
  A ball python (D:1)
  2 bats (D:1)
  A hobgoblin (D:2)
  A quokka (D:4)
  2 kobolds (D:2)
  3 rats
17 creatures vanquished.

Notes
Turn   | Place    | Note
-------+----------+-------------------------------------------
     0 | D:1      | Goblin1989 the Spriggan Assassin began the quest for the Orb.
     0 | D:1      | Reached XP level 1. HP: 10/10 MP: 2/2
    16 | D:1      | Reached skill level 6 in Stealth
   138 | D:2      | Reached XP level 2. HP: 14/14 MP: 3/3
   503 | D:5      | Entered Level 5 of the Dungeon
   504 | D:5      | Noticed a crimson imp
   505 | D:5      | Noticed an ogre
   529 | D:5      | Noticed a slave
   532 | D:5      | Noticed a slave
   533 | D:5      | Found Ybues's Magic Scroll Shoppe.
   533 | D:5      | Noticed a crimson imp
   541 | D:6      | Noticed Sigmund
   541 | D:6      | Noticed a water moccasin
   810 | D:6      | Noticed an orc warrior
   813 | D:6      | Reached skill level 7 in Stealth
  1104 | D:6      | Found an opulent altar of Gozag.
  1200 | D:8      | Noticed a two-headed ogre
  1435 | D:8      | Reached XP level 3. HP: 18/18 MP: 4/4
  1472 | D:9      | Noticed a scorpion
  1480 | D:9      | Reached skill level 8 in Stealth
  1480 | D:9      | Reached XP level 4. HP: 22/22 MP: 5/5
  1522 | D:9      | Noticed Erolcha
  1554 | D:9      | Noticed a troll
  1591 | D:10     | Entered Level 10 of the Dungeon
  1837 | D:10     | Reached skill level 9 in Stealth
  1840 | D:10     | Noticed a black bear
  1890 | D:10     | Noticed derval's ghost (novice SpEn)
  1922 | D:10     | HP: 1/22 [derval's ghost (1)]
  1924 | D:10     | Slain by a gnoll

Vault maps used:
D:1:      dpeg_arrival_simpleton_c, minmay_tetromino_i4
D:2:      first_bread, small_statue_intersection, hangedman_decor_points
D:3:      portal_sewer_entry_a, minmay_splitting_lines
D:4:      uniq_eustachio
D:5:      serial_shops, shop, uniq_pikel, uniq_duvessa
D:6:      temple_fountains, interstate_on_off, nicolae_gozag_seed_capital,
          uniq_sigmund
D:7:      basic_altar
D:9:      lemuel_crystal_altar, lair_entry_dummy, uniq_erolcha
D:10:     lemuel_slime

Skill      XL: |  1  2  3  4 |
---------------+-------------+-----
Stealth        | 6 7 8 9 |  9.1
Fighting       | |  1.5
Short Blades   | |  2.1
Throwing       | |  2.0
Dodging        | |  1.5

Action                   |  1- 3 |  4- 6 || total
-------------------------+-------+-------++-------
Melee: Dagger            |    55 |    22 ||    77
  Use: Potion            |       |     1 ||     1
 Stab: Sleeping          |     7 |     1 ||     8
Armor: Robe              |     5 |    16 ||    21
Dodge: Dodged            |    45 |    36 ||    81

Vault maps used:
D:1:      dpeg_arrival_simpleton_c, minmay_tetromino_i4
D:2:      first_bread, small_statue_intersection, hangedman_decor_points
D:3:      portal_sewer_entry_a, minmay_splitting_lines
D:4:      uniq_eustachio
D:5:      serial_shops, shop, uniq_pikel, uniq_duvessa
D:6:      temple_fountains, interstate_on_off, nicolae_gozag_seed_capital,
          uniq_sigmund
D:7:      basic_altar
D:9:      lemuel_crystal_altar, lair_entry_dummy, uniq_erolcha
D:10:     lemuel_slime
